cohdb
Replays
Latest Replays
All Replays
Popular Replays
Top Player Replays
Match Explorer
How It Works
Community
CoH3 Stats
Reddit
Sign in to upload your games and track your stats! →
Sign in with Steam
Match 45635333
Unlisted
Match 45635333
Overview
Messages
Build Orders
End
Royal Engineer Section
Construct Section Command Post
Dingo Light Scout Car
Selects Heavy Armor Battlegroup
Infantry Section
Infantry Section
Construct Platoon Command Post
Selects Rigorous Vehicle Training
Selects Forward Repair Assembly
Vickers Machine Gun Team
Humber Armored Car
Grenade Package
Selects Light Vehicle Withdraw and Refit
Selects UNKNOWN (202330)
Infantry Training
6-pounder Anti-tank Gun Team
Infantry Section
6-pounder Anti-tank Gun Team
Construct Company Command Post
Selects Recon Artillery
Crusader II Medium Tank
Crusader II Medium Tank
Armored Vehicle Training
Recon Artillery
Matilda II Heavy Tank
Foot Guards Section
Selects Churchill Black Prince Heavy Tank
Foot Guards Section
Churchill Black Prince Heavy Tank
Recon Artillery
Royal Engineer Section
Crusader II Medium Tank
Recon Artillery
Infantry Section
Royal Engineer Section
Unlock M3 Grant Medium Tanks
Recon Artillery
Crusader II Medium Tank
qwedcasxz
Surveillance-Buoy 2
mongman
~TAB~ THUND3RCHUNKY
0
0
Comments
sign in to comment!
No comments posted yet!